 Dungeon Crawl Stone Soup version 0.31-a0-277-g31ea1f6 (webtiles) character file.

Game seed: 5467740669554123175

2443 Dawnplanks the Thaumaturge (level 9, -5/45 HPs)
             Began as a Deep Elf Fire Elementalist on July 15, 2023.
             Was a Follower of Sif Muna.
             Slain by a small abomination (16 damage)
             ... on level 2 of the Abyss.
             The game lasted 00:12:43 (8005 turns).

Dawnplanks the Thaumaturge (DEFE)                   Turns: 8005, Time: 00:12:44

Health: -5/45      AC:  7    Str:  3    XL:     9   Next: 25%
Magic:  24/24      EV: 25    Int: 25    God:    Sif Muna [*.....]
Gold:   482        SH:  0    Dex: 22    Spells: 14/27 levels left

rFire   + + .        p - +9 short sword of Beogh's Grace {flame, rF+ Dex+5}
rCold   + . .        (no shield)
rNeg    . . .        z - +0 steam dragon scales
rPois   .            l - +1 helmet "Lyupso" {rF+ rC+ rCorr Dex+2}
rElec   .            (no cloak)
rCorr   +            (no gloves)
SInv    .            (no boots)
Will    .....        (no amulet)
Stlth   +++          A - +5 ring of evasion
HPRegen 0.27/turn    x - +5 ring of evasion
MPRegen 0.19/turn

%: no passive effects
@: afraid
A: weak 1, wild magic 1, no potion heal 1
a: Renounce Religion, Channel Magic


You were on level 2 of the Abyss.
You worshipped Sif Muna.
Sif Muna was aware of your devotion.
You visited 2 branches of the dungeon, and saw 9 of its levels.
You visited the Abyss 1 time.

You collected 482 gold pieces.

Inventory:

Hand Weapons
 p - the +9 short sword of Beogh's Grace (weapon) {flame, rF+ Dex+5}
   (You found it on level 3 of the Dungeon)

   Dex:       It affects your dexterity (+5).
   rF:        It protects you from fire.
Armour
 a - a +0 robe
 l - the +1 helmet "Lyupso" (worn) {rF+ rC+ rCorr Dex+2}
   (You found it on level 2 of the Dungeon)

   Dex:       It affects your dexterity (+2).
   rF:        It protects you from fire.
   rC:        It protects you from cold.
   rCorr:     It protects you from acid and corrosion.
 z - +0 steam dragon scales (worn)
Jewellery
 e - a ring of willpower
 t - a +6 ring of dexterity
 x - a +5 ring of evasion (right hand)
 A - a +5 ring of evasion (left hand)
 B - an amulet of faith
Wands
 h - a wand of digging (1)
 n - a wand of quicksilver (18)
 o - a wand of polymorph (2)
 r - a wand of mindburst (28)
 s - a wand of flame (12)
 w - a wand of iceblast (12)
Scrolls
 c - a scroll of revelation {unknown}
 j - 2 scrolls of enchant armour {unknown}
 k - a scroll of poison {unknown}
 u - 2 scrolls of teleportation {unknown}
 y - a scroll of vulnerability {unknown}
Potions
 b - 2 potions of magic
 d - 2 potions of lignification
 f - 4 potions of curing {unknown}
 g - 5 potions of heal wounds
 i - a potion of haste {unknown}
 m - a potion of invisibility {unknown}
 q - 2 potions of cancellation
 v - a potion of might {unknown}
 C - 2 potions of enlightenment {unknown}


   Skills:
 * Level 4.4 Dodging
 + Level 4.0 Stealth
 + Level 9.7 Spellcasting
 + Level 6.6 Conjurations
 + Level 1.4 Translocations
 + Level 7.8 Fire Magic
 * Level 2.8 Invocations


You had 14 spell levels left.
You knew the following spells:

 Your Spells              Type           Power      Damage    Failure   Level
a - Foxfire               Conj/Fire      100%       2x1d9     1%          1
b - Scorch                Fire           100%       2d9       1%          2
c - Inner Flame           Hex/Fire       41%        N/A       5%          3
d - Volatile Blastmotes   Fire/Tloc      92%        2d17      4%          3
e - Flame Wave            Conj/Fire      58%        2d14      4%          4

Your spell library contained the following spells:

 Spells                   Type           Power      Damage    Failure   Level
 Lesser Beckoning         Tloc           50%        N/A       7%          2
 Gell's Gravitas          Tloc           25%        N/A       13%         3
 Teleport Other           Tloc           25%        N/A       13%         3
 Vhi's Electric Charge    Tloc/Air       40%        N/A       17%         3
 Arcjolt                  Conj/Air       18%        1d28      45%         5
 Plasma Beam              Fire/Air       20%        2x1d32    88%         6


Dungeon Overview and Level Annotations

Branches:
Dungeon (8/15)             Temple (1/1) D:5
   Lair: D:8-11

Altars:
Dithmenos
Fedhas
Gozag
Hepliaklqana
Kikubaaqudgha
Makhleb
Nemelex Xobeh
Qazlal
Ru
Sif Muna
Trog
Uskayaw
Wu Jian
Xom
Zin
The Shining One

Shops:
D:4 :


Innate Abilities, Weirdness & Mutations

You are weak. (Str -2)
Your spells are a little harder to cast, but a little more powerful.
Potions are less effective at restoring your health.


Message History

A worldbinder comes into view.
A small abomination comes into view.
A glowing orange brain comes into view.
The glowing orange brain pulsates.
You are confused.
You bump into the rock wall.
Your magical effects are unravelling.
You feel magically purged.
You feel less confused.
The glowing orange brain pulsates.
The glowing orange brain pulsates.
Something tries to feed on your intellect!
A large abomination comes into view.
A small abomination comes into view.
The glowing orange brain pulsates.
The glowing orange brain radiates an aura of fear!
You are terrified of the glowing orange brain!
You cannot move closer to the glowing orange brain!
You are no longer terrified.
The large abomination attacks as you move away!
The large abomination misses you.
The large abomination attacks as you move away!
The large abomination hits you!
The large abomination attacks as you move away!
The large abomination completely misses you.
The glowing orange brain blinks!
The glowing orange brain pulsates.
A small abomination comes into view.
The sun demon hits you!!
You are engulfed in flames.
You resist.
* * * LOW HITPOINT WARNING * * *
The glowing orange brain pulsates.
The glowing orange brain radiates an aura of fear!
You are terrified of the glowing orange brain!
The sun demon attacks as you move away! The sun demon completely misses you.
The sun demon misses you. The sun demon attacks as you move away!
The sun demon misses you.
The glowing orange brain blinks!
The small abomination attacks as you move away!
The small abomination hits you!
You die...

## #. #.# #.
... #. ...#.
####.#'##
........######.
...............
......#@.......
#.x3.......
###..........
#............
#.#...X........
#.#.....#######
#.#.#...##.#
#### #....*..#
#..........##.#


You could see a sun demon (summoned), a large abomination, a small abomination
and a lurking horror (summoned).

Vanquished Creatures
  A hornet (D:7)
  A steam dragon (D:7)
  2 water moccasins
  A sky beast (D:6)
  An ice beast (D:5)
  An orc warrior (D:7)
  3 ogres
  2 centaurs
  A kobold brigand (D:7)
  4 bullfrogs
  A scorpion (D:6)
  4 howler monkeys
  4 orc priests (D:6)
  2 hounds
  4 jellies
  Jessica (D:2)
  2 iguanas
  6 orc wizards
  Robin (D:2)
  4 adders
  A white imp (D:5)
  An ufetubus (D:6)
  A worm (D:3)
  3 dart slugs
  8 orcs
  5 bats
  13 endoplasms
  4 giant cockroaches
  18 goblins
  6 hobgoblins
  8 jackals
  2 quokkas
  11 ball pythons
  4 frilled lizards
  11 kobolds
  3 rats
145 creatures vanquished.

Vanquished Creatures (others)
  694 foxfires
694 creatures vanquished.

Grand Total: 839 creatures vanquished

Notes
Turn   | Place    | Note
-------+----------+-------------------------------------------
     0 | D:1      | Dawnplanks the Deep Elf Fire Elementalist began the quest
                  | for the Orb.
     0 | D:1      | Reached XP level 1. HP: 10/10 MP: 6/6
   464 | D:1      | Reached XP level 2. HP: 15/15 MP: 4/8
   826 | D:1      | Learned a level 2 spell: Scorch
  1725 | D:2      | Identified the +1 helmet "Lyupso" {rF+ rC+ rCorr Dex+2}
  1783 | D:2      | Reached XP level 3. HP: 19/19 MP: 5/10
  2152 | D:2      | Reached skill level 4 in Spellcasting
  2270 | D:2      | Noticed Jessica
  2273 | D:2      | Killed Jessica
  2274 | D:2      | Reached XP level 4. HP: 24/24 MP: 8/12
  2320 | D:2      | Noticed Robin
  2324 | D:2      | Killed Robin
  2751 | D:2      | Learned a level 3 spell: Inner Flame
  2755 | D:2      | Learned a level 3 spell: Volatile Blastmotes
  3070 | D:3      | Identified the +9 short sword of Beogh's Grace {flame, rF+
                  | Dex+5}
  3450 | D:3      | Found a sacrificial altar of Ru.
  3554 | D:3      | Reached XP level 5. HP: 28/28 MP: 10/14
  3700 | D:3      | Learned a level 4 spell: Flame Wave
  3738 | D:4      | Noticed an ogre
  3749 | D:4      | Noticed an ogre
  3753 | D:4      | Killed an ogre
  3754 | D:4      | Reached skill level 5 in Spellcasting
  3755 | D:4      | Killed an ogre
  3756 | D:4      | Reached skill level 5 in Fire Magic
  3756 | D:4      | Reached XP level 6. HP: 32/32 MP: 1/16
  4265 | D:4      | Found Zeozont's Book Emporium.
  4344 | D:4      | Reached skill level 6 in Spellcasting
  4602 | D:5      | Entered Level 5 of the Dungeon
  4700 | D:5      | Noticed a water moccasin
  4706 | D:5      | Killed a water moccasin
  4829 | D:5      | Found a staircase to the Ecumenical Temple.
  4837 | D:5      | Reached XP level 7. HP: 36/36 MP: 11/18
  4847 | Temple   | Entered the Ecumenical Temple
  4889 | Temple   | Became a worshipper of Sif Muna the Loreminder
  5063 | D:5      | Reached skill level 7 in Spellcasting
  5352 | D:5      | Found an ornate altar of the Wu Jian Council.
  5848 | D:6      | Reached skill level 1 in Translocations
  5859 | D:6      | Reached XP level 8. HP: 16/41 MP: 6/21
  6094 | D:6      | Reached skill level 8 in Spellcasting
  6094 | D:6      | Reached skill level 5 in Conjurations
  6315 | D:6      | Reached * piety under Sif Muna
  6927 | D:6      | Gained mutation: You occasionally lose the ability to drink
                  | potions when taking damage. [potion of mutation]
  6928 | D:6      | Lost mutation: You occasionally lose the ability to drink
                  | potions when taking damage. [potion of mutation]
  6928 | D:6      | Gained mutation: Potions are less effective at restoring
                  | your health. [potion of mutation]
  6928 | D:6      | Gained mutation: You are weak. (Str -2) [potion of
                  | mutation]
  6928 | D:6      | Gained mutation: Your spells are a little harder to cast,
                  | but a little more powerful. [potion of mutation]
  7055 | D:7      | Reached skill level 1 in Invocations
  7073 | D:7      | Noticed a hornet
  7081 | D:7      | Killed a hornet
  7082 | D:7      | Reached skill level 9 in Spellcasting
  7215 | D:7      | Reached XP level 9. HP: 45/45 MP: 14/24
  7885 | D:8      | Noticed a wizard
  7888 | D:8      | Noticed a wizard
  7889 | Abyss:2  | Cast into level 2 of the Abyss (a wizard)
  7919 | Abyss:2  | Found a corrupted altar of Lugonu.
  7940 | Abyss:2  | Noticed a worldbinder
  7951 | Abyss:2  | Noticed a glowing orange brain
  7977 | Abyss:2  | Noticed a large abomination
  7996 | Abyss:2  | Noticed a sun demon
  8005 | Abyss:2  | Slain by a small abomination

Illustrated notes

Levels and vault maps discovered:
D:1:      scummos_arrival_star, layout_basic
D:2:      minmay_skewed_foursquare, layout_rooms,
          nicolae_kite_square_tiling_tiny, uniq_robin, uniq_jessica
D:3:      layout_basic, general_overflow_altar, grunt_ministairs_8
D:4:      layout_loops_ring, serial_shops, nicolae_book_shop_shelving
D:5:      layout_loops_corners, mainiacjoe_overflow_brackets,
          minmay_temple_entry_crystal_x, uniq_grinder
D:6:      layout_basic
D:7:      layout_basic
D:8:      cheibrodos_wizards_tower, layout_basic,
          chequers_temple_overflow_minitemple, david_lair_shrubbed,
          nicolae_diode_intersection
Temple:   compressed_dpeg_circular_temple
Abyss:2:  base: D:6, hangedman_abyss_or_decor_jellyfish_corner

Skill      XL: |  1  2  3  4  5  6  7  8  9 |
---------------+----------------------------+-----
Fire Magic     | 4 5 6 7 |  7.8
Spellcasting   | 4 5 6 7 9 |  9.7
Conjurations   | 2 3 4 6 |  6.6
Stealth        | 3 4 |  4.0
Translocations | 1 |  1.4
Dodging        | 4 |  4.4
Invocations    | 2 |  2.8

Action                     |  1- 3 |  4- 6 |  7- 9 || total
---------------------------+-------+-------+-------++-------
  Melee: Unarmed           |     1 |       |       ||     1
   Cast: Foxfire           |   146 |   133 |   149 ||   428
         Volatile Blastmot |       |     3 |     4 ||     7
         Scorch            |       |     2 |     3 ||     5
         Flame Wave        |       |     1 |     2 ||     3
         Inner Flame       |       |       |     1 ||     1
    Use: Scroll            |       |       |     4 ||     4
         Potion            |       |       |     3 ||     3
 Armour: Robe              |     3 |     3 |     2 ||     8
         Steam dragon scal |       |       |     1 ||     1
  Dodge: Dodged            |     1 |     4 |    27 ||    32

Table legend: (Time is in decaauts)
 A = Elapsed time spent in this place.
 B = Non-inter-level travel time spent in this place.
 C = Inter-level travel time spent in this place.
 D = Time resting spent in this place.
 E = Time spent auto-exploring this place.
 F = Levels seen in this place.
 G = Mean time per level.
                   A        B        C        D        E       F      G
               +--------+--------+--------+--------+--------+-----+--------+
         Total |   8001 |   7668 |    333 |     94 |   6632 |  10 |  800.1 |
       Dungeon |   7805 |   7546 |    259 |     94 |   6589 |   8 |  975.6 |
        Temple |     79 |      5 |     74 |      0 |      0 |   1 |   79.0 |
         Abyss |    115 |    115 |      0 |      0 |     43 |   1 |  115.0 |
               +--------+--------+--------+--------+--------+-----+--------+

Top non-repeatable levels by time:
     D:2: 1428 daAuts
     D:1: 1367 daAuts
     D:5: 1110 daAuts
     D:6: 1066 daAuts
     D:3: 940 daAuts
     D:4: 863 daAuts
     D:7: 848 daAuts
     D:8: 180 daAuts
 Abyss:2: 115 daAuts
  Temple: 79 daAuts
